 Dungeon Crawl Stone Soup version 0.30.0 (webtiles) character file.

Game seed: 8864454430028467402

80876 Zeebuoy the Nimble (level 15, -5/116 (117) HPs)
             Began as a Gnoll Wanderer on June 19, 2023.
             Was a High Priest of Okawaru.
             Killed from afar by a spark wasp (17 damage)
             ... with a living lightning
             ... on level 1 of the Spider Nest on July 9, 2023.
             The game lasted 01:54:19 (19219 turns).

Zeebuoy the Nimble (Gnoll Wanderer)                Turns: 19219, Time: 01:54:19

HP:   -5/116 (117)  AC: 17    Str: 13    XL:     15   Next: 68%
MP:   29/29         EV: 22    Int: 14    God:    Okawaru [*****.]
Gold: 922           SH:  9    Dex: 15    Spells: 22/35 levels left

rFire   . . .        b - +8 broad axe (pain)
rCold   . . .        r - +2 buckler
rNeg    . . .        q - +1 leather armour {rPois}
rPois   +            N - +2 helmet
rElec   .            u - +2 cloak
rCorr   .            w - +0 pair of gloves
SInv    +            K - +2 pair of boots
Will    +....        h - amulet of faith
Stlth   ++++         z - ring of see invisible
HPRegen 0.39/turn    J - +5 ring of evasion
MPRegen 0.21/turn

%: faith
@: lightly drained
A: fangs 1, strong nose, distributed training
a: Renounce Religion, Heroism, Finesse, Duel


You were on level 1 of the Spider Nest.
You worshipped Okawaru.
Okawaru was extremely pleased with you.
You visited 3 branches of the dungeon, and saw 19 of its levels.

You collected 1157 gold pieces.
You spent 235 gold pieces at shops.

Inventory:

Hand Weapons
 b - a +8 broad axe of pain (weapon)
 f - a +2 dagger of venom
 O - a +2 halberd
 W - a +5 quick blade
Missiles
 n - 8 boomerangs
 v - a throwing net
 F - 5 poisoned darts (quivered)
 M - 4 atropa-tipped darts
 S - 2 curare-tipped darts
 T - 10 javelins
Armour
 q - a +1 leather armour of poison resistance (worn)
 r - a +2 buckler (worn)
 t - the +5 plate armour of Xaefummi {rElec}
   (You found it on level 5 of the Lair of Beasts)

   rElec:     It insulates you from electricity.
 u - a +2 cloak (worn)
 w - a +0 pair of gloves (worn)
 K - a +2 pair of boots (worn)
 N - a +2 helmet (worn)
 R - +1 steam dragon scales
Magical Staves
 A - a staff of conjuration
Jewellery
 h - an amulet of faith (around neck)
 z - a ring of see invisible (left hand)
 J - a +5 ring of evasion (right hand)
Wands
 a - a wand of quicksilver (7)
 e - a wand of paralysis (2)
 j - a wand of mindburst (6)
 p - a wand of polymorph (4)
 E - a wand of digging (9)
 G - a wand of roots (4)
Scrolls
 c - 4 scrolls of vulnerability
 d - 9 scrolls of teleportation
 l - 3 scrolls of immolation
 s - 5 scrolls of poison
 y - 4 scrolls of fear
 D - a scroll of fog
 L - 2 scrolls of silence
 Q - a scroll of blinking
 U - 9 scrolls of identify
 X - a scroll of amnesia
Potions
 g - a potion of resistance
 i - 6 potions of haste
 k - a potion of lignification
 m - 5 potions of brilliance
 o - 2 potions of cancellation
 x - a potion of heal wounds
 B - a potion of might
 C - 3 potions of magic
 H - 2 potions of mutation
 I - a potion of invisibility
 P - a potion of ambrosia
 V - 4 potions of flight
 Z - 9 potions of curing
Miscellaneous
 Y - a tin of tremorstones (2/2)


   Skills:
 + Level 10.6 Fighting
 + Level 10.2 Short Blades
 + Level 10.2 Long Blades
 + Level 10.2 Axes
 + Level 10.2 Maces & Flails
 + Level 10.2 Polearms
 + Level 10.2 Staves
 + Level 10.2 Ranged Weapons
 + Level 10.2 Throwing
 + Level 11.2 Armour
 + Level 12.1 Dodging
 + Level 10.5 Stealth
 + Level 10.2 Shields
 + Level 10.2 Unarmed Combat
 + Level 10.6 Spellcasting
 + Level 8.6 Conjurations
 + Level 8.6 Hexes
 + Level 8.6 Summonings
 + Level 8.6 Necromancy
 + Level 8.6 Translocations
 + Level 8.6 Transmutations
 + Level 8.6 Fire Magic
 + Level 8.6 Ice Magic
 + Level 8.6 Air Magic
 + Level 8.6 Earth Magic
 + Level 8.6 Poison Magic
 + Level 12.0 Invocations
 + Level 10.2 Evocations


You had 22 spell levels left.
You knew the following spells:

 Your Spells              Type           Power      Damage    Failure   Level
a - Flame Wave            Conj/Fire      31%        2d9       4%          4
b - Stone Arrow           Conj/Erth      62%        3d10      1%          3
c - Vhi's Electric Charg  Tloc/Air       62%        N/A       1%          3
d - Hailstorm             Conj/Ice       31%        3d8       1%          3

Your spell library contained the following spells:

 Spells                   Type           Power      Damage    Failure   Level
 Lesser Beckoning         Tloc           62%        N/A       1%          2
 Gell's Gravitas          Tloc           31%        N/A       1%          3
 Teleport Other           Tloc           31%        N/A       1%          3
 Cause Fear               Hex            15%        N/A       4%          4
 Ice Form                 Ice/Tmut       31%        N/A       4%          4
 Alistair's Intoxication  Tmut/Pois      20%        N/A       12%         5
 Arcjolt                  Conj/Air       15%        1d25      12%         5
 Borgnjor's Vile Clutch   Necr/Erth      15%        N/A       12%         5
 Iskenderun's Battlesphe  Conj           31%        2d8       12%         5
 Eringya's Noxious Bog    Tmut/Pois      15%        N/A       54%         6
 Iron Shot                Conj/Erth      15%        9d4       54%         6
 Plasma Beam              Fire/Air       15%        2x1d29    54%         6
 Dragon Form              Tmut           15%        N/A       98%         7
 Lehudib's Crystal Spear  Conj/Erth      15%        10d5      100%        8
 Animate Armour           Summ/Erth      Unusable   N/A       N/A         4
 Summon Forest            Summ/Tloc      Unusable   N/A       N/A         5
 Simulacrum               Ice/Necr       Unusable   N/A       N/A         6
 Summon Hydra             Summ           Unusable   N/A       N/A         7
 Dragon's Call            Summ           Unusable   N/A       N/A         9

Dungeon Overview and Level Annotations

Branches:
Dungeon (13/15)            Temple (0/1) D:7            Lair (5/5) D:9
  Swamp (0/4) Lair:3       Spider (1/4) Lair:2        Slime (0/5) Lair:4
    Orc (0/2) D:9
 Vaults: D:13-14

Altars:
Ashenzari
Elyvilon
Hepliaklqana
Nemelex Xobeh
Okawaru
Uskayaw
Xom
Zin
Jiyva

Shops:
D:1 !   D:2 [   D:6 *   D:9 [

Portals:
Abyss: Lair:5

Annotations:
D:6 1 transporter
Lair:2 exclusion: 2 oklob plants
Lair:5 2 transporters, senlim's ghost, journeyman GrEE


Innate Abilities, Weirdness & Mutations

You have very sharp teeth.
Your uncanny sense of smell can sniff out nearby items.
Your experience applies equally to all skills.


Message History

The hornet looks as sick as possible!
The hornet is lightly wounded.
You completely miss the hornet. Your bite misses the hornet.
The hornet is moderately wounded.
The hornet barely misses you.
A spark wasp comes into view.
The hornet completely misses you.
You miss the hornet.
The hornet is heavily wounded.
The hornet closely misses you.
A wolf spider comes into view.
The wolf spider's many legs skitter.
You hit the hornet.
The hornet writhes in agony!
You kill the hornet!
Okawaru accepts your kill.
Throw: 7 darts (poison)
Press: ? - help, Q - select action, (/) - cycle Shift-Dir - straight line, f - spark wasp
Aim: a spark wasp (58% to hit)
You throw a poisoned dart. The poisoned dart hits the spark wasp!!
The spark wasp is poisoned.
Throw: 6 darts (poison)
Press: ? - help, Q - select action, (/) - cycle Shift-Dir - straight line, f/p - spark wasp
Aim: a spark wasp (lightly wounded, very poisoned, 58% to hit)
You throw a poisoned dart.
The poisoned dart barely misses the spark wasp.
You hit the spark wasp but do no damage.
The spark wasp writhes in agony.
The spark wasp is moderately wounded.
The spark wasp stings you. The spark wasp shocks you!
The spark wasp stings you!!
* * * LOW HITPOINT WARNING * * *
The spark wasp shocks you!
* * * LOW HITPOINT WARNING * * *
Okay, then.
Blink to where?
Press: ? - help, Dir - move target, p - spark wasp
As you read the scroll of blinking, it crumbles to dust.
The spark wasp bursts into living lightning!
The living lightning hits you!
You die...

##.#..s...
...#......
.........### .
s.....(...#.#.
##....#...#...
#.....#.....#
#...†.......
#.††.#..#...
##@†.......#
##†##........
#..#...†.....
#(§###.#....#
#...ys.# ....(((
#..(..#.....##.^
#.(..(#.....# ∆.
#((#.(# ....#
#(..#..( ...##


You could see a spark wasp (very poisoned) and a wolf spider.

Vanquished Creatures
  Rupert (Lair:4)
  3 hydras
  2 catoblepae
  An alligator (Lair:5)
  A two-headed ogre (D:10)
  6 death yaks (Lair:2)
  A pharaoh ant (Lair:2)
  A skyshark (Lair:4)
  An orb spider (Spider:1)
  3 bog bodies (Lair:3)
  A lindwurm (Lair:5)
  A harpy (shapeshifter) (D:9)
  2 wolf spiders (Spider:1)
  A manticore (D:12)
  A cyclops (D:11)
  9 elephants
  A gargoyle (D:12)
  4 black mambas
  10 cane toads
  2 torpor snails
  Maggie (D:6)
  2 rime drakes
  7 komodo dragons
  A troll (D:12)
  5 polar bears
  20 blink frogs
  Grinder (D:3)
  4 hornets
  16 dream sheep (Lair:5)
  A tarantella (Spider:1)
  4 slime creatures (D:12)
  Sigmund (D:4)
  12 spriggans (Lair:5)
  3 culicivoras (Spider:1)
  A shadow (D:11)
  3 wyverns
  58 yaks
  Eustachio (D:4)
  8 basilisks
  8 redbacks
  3 vampire mosquitoes (D:12)
  A steam dragon (Lair:2)
  Edmund (D:6)
  2 swamp worms
  4 acid dragons
  13 water moccasins
  An ice beast (D:3)
  6 black bears
  4 orc warriors (D:9)
  4 ogres
  24 wolves
  8 centaurs
  4 boggarts (Lair:5)
  A phantom (D:4)
  Blork the orc (D:4)
  A kobold brigand (D:9)
  12 bullfrogs
  2 gnoll sergeants
  6 scorpions
  13 wights
  5 killer bees (D:9)
  2 electric eels
  4 howler monkeys
  6 hounds
  6 jellies
  3 orc priests
  3 gnoll boudas
  Terence (D:3)
  A sleepcap (D:7)
  An iguana (D:4)
  8 orc wizards
  5 hell rats (Lair:1)
  22 gnolls
  9 adders
  A river rat (Lair:2)
  3 shadow imps
  2 white imps
  4 worms
  5 dart slugs
  24 orcs
  4 endoplasms
  4 giant cockroaches
  7 hobgoblins
  3 jackals
  4 quokkas
  8 ball pythons
  7 bats
  7 goblins
  12 kobolds
  3 rats
494 creatures vanquished.

Vanquished Creatures (others)
  15 fungi
  20 plants
35 creatures vanquished.

Grand Total: 529 creatures vanquished

Notes
Turn   | Place    | Note
-------+----------+-------------------------------------------
     0 | D:1      | Zeebuoy the Gnoll Wanderer began the quest for the Orb.
     0 | D:1      | Zeebuoy set off with the following items: a +0 dagger, 3
                  | throwing nets, a scroll of vulnerability, a scroll of
                  | teleportation, a potion of invisibility, a +0 leather
                  | armour.
     0 | D:1      | Reached XP level 1. HP: 17/17 MP: 4/4
   119 | D:1      | Found Ishif Zevu's Distillery.
   224 | D:1      | Bought a potion of degeneration for 10 gold pieces
   286 | D:1      | Reached XP level 2. HP: 21/23 MP: 5/5
   713 | D:2      | Reached XP level 3. HP: 7/28 MP: 7/7
   978 | D:2      | Found Soaqumm's Antique Armour Shoppe.
  1083 | D:2      | Reached skill level 1 in Short Blades
  1083 | D:2      | Reached skill level 1 in Long Blades
  1083 | D:2      | Reached skill level 1 in Axes
  1083 | D:2      | Reached skill level 1 in Maces & Flails
  1083 | D:2      | Reached skill level 1 in Polearms
  1083 | D:2      | Reached skill level 1 in Staves
  1083 | D:2      | Reached skill level 1 in Ranged Weapons
  1083 | D:2      | Reached skill level 1 in Throwing
  1083 | D:2      | Reached skill level 1 in Shields
  1083 | D:2      | Reached skill level 1 in Unarmed Combat
  1083 | D:2      | Reached skill level 1 in Evocations
  1130 | D:2      | Got Vehumet's Opusculum on Fulmination
  1447 | D:2      | Reached XP level 4. HP: 34/34 MP: 8/8
  1524 | D:2      | Reached skill level 1 in Conjurations
  1524 | D:2      | Reached skill level 1 in Hexes
  1524 | D:2      | Reached skill level 1 in Summonings
  1524 | D:2      | Reached skill level 1 in Necromancy
  1524 | D:2      | Reached skill level 1 in Translocations
  1524 | D:2      | Reached skill level 1 in Transmutations
  1524 | D:2      | Reached skill level 1 in Fire Magic
  1524 | D:2      | Reached skill level 1 in Ice Magic
  1524 | D:2      | Reached skill level 1 in Air Magic
  1524 | D:2      | Reached skill level 1 in Earth Magic
  1524 | D:2      | Reached skill level 1 in Poison Magic
  1811 | D:3      | Noticed Terence
  1842 | D:3      | Killed Terence
  1843 | D:3      | Reached XP level 5. HP: 25/40 MP: 9/9
  1969 | D:3      | Noticed an ice beast
  2202 | D:3      | Killed an ice beast
  2203 | D:3      | Reached skill level 5 in Invocations
  2316 | D:3      | Reached XP level 6. HP: 42/47 MP: 11/11
  2492 | D:3      | Noticed Grinder
  2502 | D:3      | Killed Grinder
  2503 | D:3      | Reached skill level 5 in Armour
  2631 | D:3      | Reached XP level 7. HP: 52/52 MP: 12/12
  3184 | D:4      | Noticed Sigmund
  3195 | D:4      | Killed Sigmund
  3379 | D:4      | Reached XP level 8. HP: 60/60 MP: 14/14
  3608 | D:4      | Noticed Blork the orc
  3624 | D:4      | Killed Blork the orc
  3944 | D:4      | Found a shimmering altar of Xom.
  4257 | D:4      | Noticed Eustachio
  4315 | D:4      | Killed Eustachio
  4371 | D:5      | Entered Level 5 of the Dungeon
  4468 | D:2      | Bought a pair of runed boots for 225 gold pieces
  4809 | D:5      | Reached XP level 9. HP: 66/66 MP: 16/16
  4820 | D:5      | Reached skill level 5 in Spellcasting
  5076 | D:5      | Found an iron altar of Okawaru.
  5346 | D:5      | Reached skill level 5 in Fighting
  5470 | D:6      | Noticed Edmund
  5491 | D:6      | Killed Edmund
  5675 | D:6      | Reached skill level 5 in Stealth
  5858 | D:6      | Noticed Maggie
  5888 | D:6      | Killed Maggie
  6039 | D:6      | Found Ohin's Neck Hole.
  6153 | D:5      | Became a worshipper of Warmaster Okawaru
  6319 | D:6      | Found a broken altar of Ashenzari.
  6805 | D:6      | Found a sparkling altar of Nemelex Xobeh.
  6805 | D:6      | Found a transporter.
  6805 | D:6      | Noticed a brown ugly thing
  6806 | D:6      | Noticed a gargoyle
  7272 | D:7      | Found a staircase to the Ecumenical Temple.
  7424 | D:7      | Reached skill level 5 in Short Blades
  7424 | D:7      | Reached skill level 5 in Long Blades
  7424 | D:7      | Reached skill level 5 in Axes
  7424 | D:7      | Reached skill level 5 in Maces & Flails
  7424 | D:7      | Reached skill level 5 in Polearms
  7424 | D:7      | Reached skill level 5 in Staves
  7424 | D:7      | Reached skill level 5 in Ranged Weapons
  7424 | D:7      | Reached skill level 5 in Throwing
  7424 | D:7      | Reached skill level 5 in Shields
  7424 | D:7      | Reached skill level 5 in Unarmed Combat
  7424 | D:7      | Reached skill level 5 in Evocations
  7424 | D:7      | Reached XP level 10. HP: 76/76 MP: 18/18
  7558 | D:7      | Found a white marble altar of Elyvilon.
  7695 | D:8      | Found a hide-covered altar of Uskayaw.
  7695 | D:8      | Noticed a +0 dagger
  7696 | D:8      | Noticed a +0 hand axe
  7711 | D:8      | Noticed a two-headed ogre
  7722 | D:8      | a two-headed ogre changed into a polar bear
  7727 | D:8      | Reached * piety under Okawaru
  7896 | D:8      | Learned a level 4 spell: Flame Wave
  8239 | D:8      | Found a glowing silver altar of Zin.
  8415 | D:9      | a queen bee changed into a harpy
  8415 | D:9      | Noticed a harpy (shapeshifter)
  8421 | D:9      | Killed a harpy
  8421 | D:9      | Reached ** piety under Okawaru
  8740 | D:9      | Reached skill level 5 in Conjurations
  8740 | D:9      | Reached skill level 5 in Hexes
  8740 | D:9      | Reached skill level 5 in Summonings
  8740 | D:9      | Reached skill level 5 in Necromancy
  8740 | D:9      | Reached skill level 5 in Translocations
  8740 | D:9      | Reached skill level 5 in Transmutations
  8740 | D:9      | Reached skill level 5 in Fire Magic
  8740 | D:9      | Reached skill level 5 in Ice Magic
  8740 | D:9      | Reached skill level 5 in Air Magic
  8740 | D:9      | Reached skill level 5 in Earth Magic
  8740 | D:9      | Reached skill level 5 in Poison Magic
  8745 | D:9      | Reached XP level 11. HP: 45/83 MP: 21/21
  8762 | D:9      | Reached *** piety under Okawaru
  8796 | D:9      | Found a staircase to the Orcish Mines.
  8834 | D:9      | Learned a level 3 spell: Stone Arrow
  9007 | D:9      | Found a hazy altar of Hepliaklqana.
  9161 | D:9      | Found Visuc's Armour Emporium.
  9210 | D:9      | Found a staircase to the Lair.
  9444 | D:10     | Entered Level 10 of the Dungeon
  9545 | D:10     | Noticed a two-headed ogre
  9557 | D:10     | Killed a two-headed ogre
  9734 | D:10     | Reached **** piety under Okawaru
 10408 | D:11     | You fall into a shaft and drop 2 floors!
 10691 | D:11     | Noticed a cyclops
 10704 | D:11     | Killed a cyclops
 10704 | D:11     | Received a gift from Okawaru
 10841 | D:11     | Learned a level 3 spell: Vhi's Electric Charge
 11266 | D:12     | Reached ***** piety under Okawaru
 11410 | D:12     | Noticed a manticore
 11421 | D:12     | Killed a manticore
 11422 | D:12     | Reached XP level 12. HP: 60/91 MP: 19/23
 11932 | Lair:1   | Entered Level 1 of the Lair of Beasts
 12714 | Lair:2   | Reached skill level 10 in Dodging
 12833 | Lair:2   | Learned a level 3 spell: Hailstorm
 12896 | Lair:2   | Noticed a death yak
 12918 | Lair:2   | Noticed a death yak
 12918 | Lair:2   | Noticed a death yak
 12918 | Lair:2   | Noticed a death yak
 12918 | Lair:2   | Noticed a death yak
 13295 | Lair:2   | Found a hole to the Spider Nest.
 13299 | Lair:2   | Received a gift from Okawaru
 13394 | Lair:2   | Noticed a death yak
 13402 | Lair:2   | Killed a death yak
 13406 | Lair:2   | Killed a death yak
 13412 | Lair:2   | Killed a death yak
 13413 | Lair:2   | Killed a death yak
 13414 | Lair:2   | Killed a death yak
 13423 | Lair:2   | Killed a death yak
 13633 | Lair:2   | Reached skill level 10 in Invocations
 13636 | Lair:2   | Received a gift from Okawaru
 13637 | Lair:2   | Reached XP level 13. HP: 68/99 MP: 23/25
 14226 | Lair:2   | Received a gift from Okawaru
 15672 | Lair:3   | Identified the +3 buckler of the Echidna {Harm Drain Fly
                  | Dex+2} (Okawaru gifted it to you on level 3 of the Lair of
                  | Beasts)
 15672 | Lair:3   | Received a gift from Okawaru
 15674 | Lair:3   | Found a staircase to the Swamp.
 15787 | Lair:4   | Reached skill level 10 in Armour
 16133 | Lair:4   | Reached XP level 14. HP: 89/109 MP: 19/27
 16271 | Lair:4   | Noticed Rupert
 16290 | Lair:4   | Killed Rupert
 16304 | Lair:4   | Found a staircase to the Slime Pits.
 16304 | Lair:4   | Found a viscous altar of Jiyva.
 16336 | Lair:4   | Reached XP level 15. HP: 53/115 MP: 24/28
 16803 | Lair:5   | Entered Level 5 of the Lair of Beasts
 16819 | Lair:4   | Received a gift from Okawaru
 16833 | Lair:4   | Reached skill level 10 in Spellcasting
 16872 | Lair:5   | Found a transporter.
 16906 | Lair:5   | Found a transporter.
 16960 | Lair:5   | Reached skill level 10 in Fighting
 16979 | Lair:5   | Received a gift from Okawaru
 16980 | Lair:5   | Reached skill level 10 in Stealth
 17024 | Lair:5   | Found a one-way gate to the infinite horrors of the Abyss.
 17024 | Lair:5   | Noticed senlim's ghost (journeyman GrEE)
 17196 | Lair:5   | HP: 4/115 [alligator (17)]
 17513 | Lair:5   | Received a gift from Okawaru
 17782 | Lair:5   | Reached skill level 10 in Short Blades
 17782 | Lair:5   | Reached skill level 10 in Long Blades
 17782 | Lair:5   | Reached skill level 10 in Axes
 17782 | Lair:5   | Reached skill level 10 in Maces & Flails
 17782 | Lair:5   | Reached skill level 10 in Polearms
 17782 | Lair:5   | Reached skill level 10 in Staves
 17782 | Lair:5   | Reached skill level 10 in Ranged Weapons
 17782 | Lair:5   | Reached skill level 10 in Throwing
 17782 | Lair:5   | Reached skill level 10 in Shields
 17782 | Lair:5   | Reached skill level 10 in Unarmed Combat
 17782 | Lair:5   | Reached skill level 10 in Evocations
 18141 | Lair:5   | Identified the +5 plate armour of Xaefummi {rElec}
 18970 | Spider:1 | Entered Level 1 of the Spider Nest
 19219 | Spider:1 | Killed from afar by a spark wasp

Illustrated notes

Levels and vault maps discovered:
D:1:      sevenhm_arrival_forest_fort_large_4, layout_rooms, serial_shops, shop
D:2:      layout_loops_ring, serial_shops, shop, serial_rivers,
          chequers_serial_rivers_micro_c, chequers_serial_rivers_micro_e,
          chequers_serial_rivers_small_b, chequers_serial_rivers_room_b,
          chequers_serial_rivers_micro_e, kennysheep_donut,
          kennysheep_minor_cross, st_stairs_3
D:3:      layout_basic, uniq_grinder, uniq_terence
D:4:      layout_basic, tgw_xom, uniq_blork_the_orc, uniq_eustachio,
          uniq_sigmund
D:5:      minmay_general_purpose_star, layout_basic, pf_just_have_faith,
          ebering_dispersal_statue_hall
D:6:      layout_loops_corners, grunt_nemelex_the_gamble,
          mainiacjoe_overflow_tiny_flanked, nicolae_shop_sticking_my_neck_out,
          uniq_maggie, uniq_edmund
D:7:      layout_basic, nicolae_elyvilon_temple_path, minmay_temple_entry_mist
D:8:      layout_rooms, dancing_weapons_uskayaw, mainiacjoe_overflow_alcove_2
D:9:      layout_rooms, kennysheep_mini_moat, david_lair_shrubbed, david_orc_2,
          serial_shops, shop
D:10:     layout_big_octagon, kennysheep_generic_room_2
D:11:     layout_small_grid
D:12:     layout_roguey, serial_corexii_hall, chequers_hall_statues_wall_a,
          corexii_hall_statues_i, corexii_hall_statues_x, corexii_hall_statues_s
D:13:     layout_small_grid, david_vaults_2, uniq_nessos
Lair:1:   layout_chaotic_city, grunt_megastairs_5, infiniplex_staircase_pool_2
Lair:2:   layout_cave_pods, spider_nest_entry_webs, lemuel_oklob_altar,
          infiniplex_staircase_pool, grunt_megastairs_1
Lair:3:   layout_hall_layers, nicolae_swamp_entry_splash_gauntlet,
          kennysheep_basilisk_garden, grunt_megastairs_4
Lair:4:   layout_roguey, nicolae_slime_entry_slimehenge, uniq_rupert
Lair:5:   minmay_lair_end_enchanted_forest, layout_cave_pods,
          gammafunk_ghost_abyssal_escape
Spider:1: layout_spider_delve, hangedman_spider_trapstep

Skill      XL: |  1  2  3  4  5  6  7  8  9 10 11 12 13 14 15 |
---------------+----------------------------------------------+-----
Short Blades   | 1 2 3 5 6 7 8 9 10 | 10.2
Long Blades    | 1 2 3 5 6 7 8 9 10 | 10.2
Axes           | 1 2 3 5 6 7 8 9 10 | 10.2
Maces & Flails | 1 2 3 5 6 7 8 9 10 | 10.2
Polearms       | 1 2 3 5 6 7 8 9 10 | 10.2
Staves         | 1 2 3 5 6 7 8 9 10 | 10.2
Ranged Weapons | 1 2 3 5 6 7 8 9 10 | 10.2
Throwing       | 1 2 3 5 6 7 8 9 10 | 10.2
Shields        | 1 2 3 5 6 7 8 9 10 | 10.2
Unarmed Combat | 1 2 3 5 6 7 8 9 10 | 10.2
Evocations     | 1 2 3 5 6 7 8 9 10 | 10.2
Spellcasting   | 3 4 5 6 7 8 9 10 | 10.6
Conjurations   | 1 2 3 4 5 6 7 8 |  8.6
Hexes          | 1 2 3 4 5 6 7 8 |  8.6
Summonings     | 1 2 3 4 5 6 7 8 |  8.6
Necromancy     | 1 2 3 4 5 6 7 8 |  8.6
Translocations | 1 2 3 4 5 6 7 8 |  8.6
Transmutations | 1 2 3 4 5 6 7 8 |  8.6
Fire Magic     | 1 2 3 4 5 6 7 8 |  8.6
Ice Magic      | 1 2 3 4 5 6 7 8 |  8.6
Air Magic      | 1 2 3 4 5 6 7 8 |  8.6
Earth Magic    | 1 2 3 4 5 6 7 8 |  8.6
Poison Magic   | 1 2 3 4 5 6 7 8 |  8.6
Fighting       | 3 4 5 6 7 8 9 10 | 10.6
Stealth        | 3 4 5 6 7 8 9 10 | 10.5
Invocations    | 5 6 7 8 9 10 11 12 | 12.0
Armour         | 5 6 7 8 9 10 11 | 11.2
Dodging        | 7 8 9 10 11 12 | 12.1

Action                     |  1- 3 |  4- 6 |  7- 9 | 10-12 | 13-15 || total
---------------------------+-------+-------+-------+-------+-------++-------
  Melee: Dagger            |    44 |       |       |       |       ||    44
         Bite              |    16 |    10 |    45 |    57 |   103 ||   231
         Whip              |   141 |    58 |       |       |       ||   199
         Punch             |     4 |     3 |    16 |     1 |       ||    24
         Flail             |       |    74 |   351 |   239 |       ||   664
         Unarmed           |       |    14 |    33 |       |       ||    47
         Short sword       |       |       |    22 |       |       ||    22
         Broad axe         |       |       |       |   228 |   478 ||   706
         Quick blade       |       |       |       |       |   177 ||   177
  Throw: Stone             |    10 |       |    12 |     2 |       ||    24
         Throwing net      |     1 |     4 |     1 |       |       ||     6
         Dart              |       |       |    65 |    84 |    46 ||   195
         Javelin           |       |       |    13 |     9 |    19 ||    41
         Boomerang         |       |       |       |    27 |    15 ||    42
   Cast: Stone Arrow       |       |       |       |    50 |    55 ||   105
         Flame Wave        |       |       |       |     4 |       ||     4
         Vhi's Electric Ch |       |       |       |     2 |       ||     2
         Hailstorm         |       |       |       |     1 |     5 ||     6
 Invoke: Heroism           |       |       |       |    10 |    14 ||    24
         Finesse           |       |       |       |     1 |     3 ||     4
  Evoke: Wand              |       |       |       |    30 |    10 ||    40
         Tin of tremorston |       |       |       |     2 |       ||     2
    Use: Potion            |     1 |     3 |     4 |       |     4 ||    12
         Scroll            |       |     2 |       |    27 |     4 ||    33
   Stab: Sleeping          |     3 |     4 |     4 |     1 |     3 ||    15
         Held in net/web   |       |     1 |     2 |       |       ||     3
         Paralysed         |       |       |       |     3 |     2 ||     5
         Petrified         |       |       |       |       |     5 ||     5
         Invisible         |       |       |       |       |     3 ||     3
         Petrifying        |       |       |       |       |     1 ||     1
 Armour: Leather armour    |    20 |     4 |     1 |    18 |   150 ||   193
         Chain mail        |    56 |    79 |       |       |    17 ||   152
         Skin              |       |    10 |    97 |     9 |     2 ||   118
         Ring mail         |       |       |   151 |       |       ||   151
         Steam dragon scal |       |       |    38 |   115 |       ||   153
  Dodge: Dodged            |   117 |    79 |   325 |   447 |   393 ||  1361
  Block: Buckler           |       |       |       |   153 |   180 ||   333
